 Dungeon Crawl Stone Soup version 0.29.1-15-g9cfb28693d (webtiles) character file.

Game seed: 16709430704674498156

664 croobank the Firebug (level 7, -2/51 HPs)
             Began as a Gnoll Fire Elementalist on Apr 1, 2023.
             Slain by a gnoll sergeant
             ... wielding a +1 spear of venom
              (9 damage)
             ... on level 5 of the Dungeon.
             The game lasted 01:11:16 (4560 turns).

croobank the Firebug (Gnoll Fire Elementalist)      Turns: 4560, Time: 01:11:16

Health: -2/51      AC:  7    Str:  9    XL:     7   Next: 57%
Magic:  7/15       EV: 15    Int: 17    God:
Gold:   231        SH:  0    Dex: 19    Spells: 4/17 levels left

rFire   . . .      SeeInvis .   a - +2 short sword (protect)
rCold   . . .      Faith    .   (no shield)
rNeg    . . .      Spirit   .   g - +0 robe
rPois   .          Reflect  .   B - +0 helmet
rElec   .          Harm     .   n - +1 cloak
rCorr   .          Rampage  .   q - +1 pair of gloves of the Shining Light {Will+ Str+2 Dex+7}
Will    +....                   (no boots)
Stlth   +++.......              t - amulet of the acrobat
HPRegen 0.17/turn               (no ring)
MPRegen 0.14/turn               (no ring)

@: lethally poisoned (-2 -> -19)
A: fangs 1, strong nose, distributed training
a: no special abilities


You were on level 5 of the Dungeon.
You visited 2 branches of the dungeon, and saw 6 of its levels.
You also visited: Sewer.

You collected 231 gold pieces.

Inventory:

Hand Weapons
 a - a +2 short sword of protection (weapon)
 b - a +2 sling of freezing
 l - a +1 vampiric whip
 r - a +0 war axe
 v - a +2 flail of holy wrath
 A - a +1 trident of flaming
 C - a +0 dagger of speed
 G - a +0 arbalest
Missiles
 c - 5 javelins
 f - 12 poisoned darts
 p - 4 throwing nets (quivered)
Armour
 e - a +0 leather armour
 g - a +0 robe (worn)
 j - a +0 ring mail
 n - a +1 cloak (worn)
 q - the +1 pair of gloves of the Shining Light (worn) {Will+ Str+2 Dex+7}
   (You found it on level 2 of the Dungeon)

   Str:       It affects your strength (+2).
   Dex:       It affects your dexterity (+7).
   Will:      It increases your willpower.
 B - a +0 helmet (worn)
Magical Staves
 s - a staff of death
Jewellery
 t - an amulet of the acrobat (around neck)
 y - a ring of ice
Wands
 o - a wand of flame (10)
Scrolls
 D - a scroll of teleportation
 F - a scroll of immolation
Potions
 d - a potion of might
 h - a potion of brilliance
 i - 3 potions of magic
 k - a potion of ambrosia
 m - a potion of resistance {unknown}
 u - a potion of haste
 w - a potion of flight {unknown}
 x - a potion of invisibility {unknown}
 z - a potion of mutation {unknown}
 E - a potion of curing {unknown}
 H - a potion of lignification


   Skills:
 + Level 2.7 Fighting
 + Level 2.7 Short Blades
 + Level 2.7 Long Blades
 + Level 2.7 Axes
 + Level 2.7 Maces & Flails
 + Level 2.7 Polearms
 + Level 2.7 Staves
 + Level 2.7 Ranged Weapons
 + Level 2.7 Throwing
 + Level 2.7 Armour
 + Level 5.3 Dodging
 + Level 5.0 Stealth
 + Level 2.7 Shields
 + Level 2.7 Unarmed Combat
 + Level 5.7 Spellcasting
 + Level 3.1 Conjurations
 + Level 2.2 Hexes
 + Level 2.2 Summonings
 + Level 2.2 Necromancy
 + Level 2.2 Translocations
 + Level 2.2 Transmutations
 + Level 5.9 Fire Magic
 + Level 2.2 Ice Magic
 + Level 2.2 Air Magic
 + Level 2.2 Earth Magic
 + Level 2.2 Poison Magic
 + Level 3.0 Invocations
 + Level 2.7 Evocations


You had 4 spell levels left.
You knew the following spells:

 Your Spells              Type           Power      Damage    Failure   Level
a - Foxfire               Conj/Fire      80%        2x1d8     1%          1
b - Scorch                Fire           50%        2d7       1%          2
c - Call Canine Familiar  Summ           12%        N/A       16%         3
d - Summon Guardian Gole  Hex/Summ       12%        N/A       16%         3
e - Flame Wave            Conj/Fire      20%        2d7       21%         4

Your spell library contained the following spells:

 Spells                   Type           Power      Damage    Failure   Level
 Apportation              Tloc           24%        N/A       5%          1
 Slow                     Hex            48%        N/A       5%          1
 Summon Small Mammal      Summ           48%        N/A       5%          1
 Conjure Flame            Conj/Fire      20%        6-21      6%          3
 Static Discharge         Conj/Air       13%        3-5/arc   7%          2
 Inner Flame              Hex/Fire       18%        N/A       8%          3
 Sublimation of Blood     Necr           12%        N/A       9%          2
 Confusing Touch          Hex            12%        N/A       16%         3
 Vampiric Draining        Necr           12%        2d6       16%         3
 Petrify                  Tmut/Erth      12%        N/A       47%         4
 Irradiate                Conj/Tmut      6%         3d13      77%         5
 Lightning Bolt           Conj/Air       6%         1d18      77%         5
 Alistair's Intoxication  Tmut/Pois      8%         N/A       83%         5
 Maxwell's Capacitive Co  Air            6%         ∞         100%        8


Dungeon Overview and Level Annotations

Branches:
Dungeon (5/15)             Temple (1/1) D:5           Sewer (visited)

Altars:
Ashenzari
Cheibriados
Elyvilon
Fedhas
Okawaru
Qazlal
Ru
Uskayaw
Vehumet
Wu Jian
Xom
Yredelemnul
Zin
The Shining One

Shops:
D:4 :


Innate Abilities, Weirdness & Mutations

You have very sharp teeth.
Your uncanny sense of smell can sniff out nearby items.
Your experience applies equally to all skills.


Message History

You climb upwards.
Welcome back to the Dungeon!
The hound misses you. The hound bites you.
The gnoll sergeant hits you from afar with a +1 spear of venom!
You are poisoned.
There is a staircase to the Ecumenical Temple, spattered with blood here.
Casting: Scorch (safe; 1% risk of failure)
Confirm with . or Enter, or press ? or * to list all spells.
Flames lash the hound.
The hound is heavily wounded.
The hound's fire resistance burns away.
You feel very sick. The hound bites you. The hound misses you.
The gnoll sergeant hits you from afar with a +1 spear of venom.
You are more poisoned.
Casting: Scorch (safe; 1% risk of failure)
Confirm with . or Enter, or press ? or * to list all spells.
Flames lash the gnoll sergeant.
The gnoll sergeant is moderately wounded.
The gnoll sergeant's fire resistance burns away.
You feel very sick. The hound bites you but does no damage.
The gnoll sergeant hits you from afar with a +1 spear of venom!
You are lethally poisoned!
Casting: Scorch (safe; 1% risk of failure)
Confirm with . or Enter, or press ? or * to list all spells.
Flames lash the hound.
The hound is burned terribly!
The hound is almost dead.
* * * LOW HITPOINT WARNING * * *
You feel very sick. The hound barely misses you. The hound closely misses you.
The gnoll sergeant closely misses you.
Casting: Scorch (safe; 1% risk of failure)
Confirm with . or Enter, or press ? or * to list all spells.
Flames lash the gnoll sergeant.
The gnoll sergeant is burned terribly!
The gnoll sergeant is severely wounded.
* * * LOW HITPOINT WARNING * * *
You feel very sick. The hound closely misses you.
The gnoll sergeant hits you from afar with a +1 spear of venom!
You die...

#......#
.......#......#
......#......#
#.....#......#####.#
#.... #............#
# #...
#.......###### ...
##.###.......#
<....#...#........#
.......@).).......#
.....#.h.#..###+#.#
... ##g##..# #.#.# .
.......# #.#.#
....#..g# #.#.#
######.gg# #.#.#
#######'#.#
######.......#
#............#


You could see a gnoll sergeant (combustible) and a hound (combustible).

Vanquished Creatures
  2 water moccasins
  A nameless horror (D:2)
  An orc priest (D:4)
  A hound (D:2)
  2 iguanas
  2 orc wizards (D:4)
  Robin (D:4)
  13 gnolls
  6 adders
  An ufetubus (D:4)
  2 worms (D:2)
  4 orcs (D:4)
  9 bats
  3 endoplasms
  3 giant cockroaches
  16 goblins
  6 hobgoblins
  4 jackals (D:3)
  5 quokkas
  6 ball pythons
  4 frilled lizards
  11 kobolds
  3 rats
106 creatures vanquished.

Vanquished Creatures (others)
  112 foxfires
  8 plants (D:5)
120 creatures vanquished.

Grand Total: 226 creatures vanquished

Notes
Turn   | Place    | Note
-------+----------+-------------------------------------------
     0 | D:1      | croobank the Gnoll Fire Elementalist began the quest for
                  | the Orb.
     0 | D:1      | Reached XP level 1. HP: 13/13 MP: 6/6
   175 | D:1      | Reached XP level 2. HP: 19/19 MP: 2/7
   178 | D:1      | Learned a level 2 spell: Scorch
   541 | D:1      | Found a faded altar of an unknown god.
  1061 | D:2      | Reached skill level 5 in Spellcasting
  1061 | D:2      | Reached XP level 3. HP: 25/25 MP: 5/9
  1161 | D:2      | Reached skill level 1 in Fighting
  1161 | D:2      | Reached skill level 1 in Short Blades
  1161 | D:2      | Reached skill level 1 in Long Blades
  1161 | D:2      | Reached skill level 1 in Axes
  1161 | D:2      | Reached skill level 1 in Maces & Flails
  1161 | D:2      | Reached skill level 1 in Polearms
  1161 | D:2      | Reached skill level 1 in Staves
  1161 | D:2      | Reached skill level 1 in Ranged Weapons
  1161 | D:2      | Reached skill level 1 in Throwing
  1161 | D:2      | Reached skill level 1 in Armour
  1161 | D:2      | Reached skill level 1 in Shields
  1161 | D:2      | Reached skill level 1 in Unarmed Combat
  1161 | D:2      | Reached skill level 1 in Invocations
  1161 | D:2      | Reached skill level 1 in Evocations
  1163 | D:2      | Reached XP level 4. HP: 24/32 MP: 2/11
  1196 | D:2      | Reached skill level 1 in Hexes
  1196 | D:2      | Reached skill level 1 in Summonings
  1196 | D:2      | Reached skill level 1 in Necromancy
  1196 | D:2      | Reached skill level 1 in Translocations
  1196 | D:2      | Reached skill level 1 in Transmutations
  1196 | D:2      | Reached skill level 1 in Ice Magic
  1196 | D:2      | Reached skill level 1 in Air Magic
  1196 | D:2      | Reached skill level 1 in Earth Magic
  1196 | D:2      | Reached skill level 1 in Poison Magic
  1404 | D:2      | Identified the +1 pair of gloves of the Shining Light
                  | {Will+ Str+2 Dex+7}
  2028 | D:3      | Found a glowing drain.
  2040 | Sewer    | Entered a sewer
  2102 | Sewer    | Noticed a water moccasin
  2108 | Sewer    | Killed a water moccasin
  2109 | Sewer    | Reached XP level 5. HP: 38/38 MP: 7/12
  2218 | D:3      | Learned a level 3 spell: Call Canine Familiar
  2222 | D:3      | Learned a level 3 spell: Summon Guardian Golem
  2550 | D:3      | Noticed a nameless horror
  2553 | D:3      | Reached XP level 6. HP: 40/44 MP: 1/13
  2582 | D:2      | Killed a nameless horror
  2864 | D:3      | Reached skill level 5 in Dodging
  3160 | D:4      | Noticed Robin
  3395 | D:3      | Learned a level 4 spell: Flame Wave
  3398 | D:4      | Killed Robin
  3766 | D:4      | Reached XP level 7. HP: 50/50 MP: 15/15
  4030 | D:4      | Found Deiseqene's Book Shoppe.
  4084 | D:5      | Entered Level 5 of the Dungeon
  4161 | D:5      | Found a staircase to the Ecumenical Temple.
  4184 | Temple   | Entered the Ecumenical Temple
  4389 | Temple   | Reached skill level 5 in Stealth
  4560 | D:5      | Slain by a gnoll sergeant

Illustrated notes

Levels and vault maps discovered:
D:1:      shiori_arrival_oz, layout_loops_cross, ebering_ecumenical_altar_mist
D:2:      layout_loops_cross, minmay_guardbox
D:3:      layout_basic, cheibrodos_sewer_entry_drain
D:4:      layout_gridville, serial_shops, kennysheep_mini_moat, uniq_robin
D:5:      layout_basic, nicolae_dithmenos_the_darkroom,
          minmay_temple_entry_gardened_gates, serial_shops,
          nicolae_shop_waterfront, uniq_duvessa
Temple:   nicolae_temple_two_arcs

Skill      XL: |  1  2  3  4  5  6  7 |
---------------+----------------------+-----
Conjurations   | 2 3 |  3.1
Spellcasting   | 5 |  5.7
Fighting       | 1 2 |  2.7
Short Blades   | 1 2 |  2.7
Long Blades    | 1 2 |  2.7
Axes           | 1 2 |  2.7
Maces & Flails | 1 2 |  2.7
Polearms       | 1 2 |  2.7
Staves         | 1 2 |  2.7
Ranged Weapons | 1 2 |  2.7
Throwing       | 1 2 |  2.7
Armour         | 1 2 |  2.7
Shields        | 1 2 |  2.7
Unarmed Combat | 1 2 |  2.7
Invocations    | 1 2 3 |  3.0
Evocations     | 1 2 |  2.7
Hexes          | 1 2 |  2.2
Summonings     | 1 2 |  2.2
Necromancy     | 1 2 |  2.2
Translocations | 1 2 |  2.2
Transmutations | 1 2 |  2.2
Ice Magic      | 1 2 |  2.2
Air Magic      | 1 2 |  2.2
Earth Magic    | 1 2 |  2.2
Poison Magic   | 1 2 |  2.2
Dodging        | 5 |  5.3
Stealth        | 5 |  5.0
Fire Magic     | |  5.9

Action                   |  1- 3 |  4- 6 |  7- 9 || total
-------------------------+-------+-------+-------++-------
Melee: Short sword       |    11 |    49 |     3 ||    63
       Bite              |       |     7 |       ||     7
       Punch             |       |     1 |       ||     1
 Fire: Sling             |       |    15 |       ||    15
 Cast: Foxfire           |    23 |    36 |     8 ||    67
       Scorch            |    11 |    32 |     8 ||    51
       Flame Wave        |       |     2 |     2 ||     4
Evoke: Wand              |       |     3 |       ||     3
  Use: Scroll            |       |     8 |     2 ||    10
       Potion            |       |     1 |       ||     1
 Stab: Sleeping          |     3 |     6 |     1 ||    10
Armor: Robe              |       |    27 |     6 ||    33
       Skin              |       |    11 |       ||    11
Dodge: Dodged            |     7 |    44 |    38 ||    89
